 Dungeon Crawl Stone Soup version 0.29.0-4-gdea44cf6ec (webtiles) character file.

Game seed: 14469124119882811342

35 qw the Chopper (level 3, -5/21 HPs)
             Began as a Tengu Warper on Aug 28, 2022.
             Slain by a worm (7 damage)
             ... on level 2 of the Dungeon.
             The game lasted 00:00:05 (1330 turns).

qw the Chopper (Tengu Warper)                       Turns: 1330, Time: 00:00:06

Health: -5/21      AC:  6    Str: 13    XL:     3   Next: 35%
Magic:  2/2        EV:  9    Int: 13    God:
Gold:   67         SH:  0    Dex: 13    Spells: 6/6 levels left

rFire   . . .      SeeInvis .   Y - +0 hand axe (antimagic)
rCold   . . .      Faith    .   (no shield)
rNeg    . . .      Spirit   .   g - +0 scale mail
rPois   .          Reflect  .   (helmet restricted)
rElec   .          Harm     .   (no cloak)
rCorr   .          Rampage  .   (no gloves)
Will    .....                   (boots unavailable)
Stlth   ..........              (no amulet)
HPRegen 0.07/turn               (no ring)
MPRegen 0.08/turn               (no ring)

@: no status effects
A: beak, talons 3
a: no special abilities


You were on level 2 of the Dungeon.
You visited 1 branch of the dungeon, and saw 2 of its levels.

You collected 67 gold pieces.


Innate Abilities, Weirdness & Mutations

You have a beak for a mouth.
You have claws for feet.


   Skills:
 - Level 2.0 Fighting
 + Level 4.1 Axes
 - Level 1.0 Throwing
 - Level 1.1 Armour
 - Level 2.1 Dodging
 - Level 2.0 Spellcasting
 - Level 2.4 Translocations


You had 6 spell levels left.
You didn't know any spells.
Your spell library contained the following spells:

 Spells                   Type           Power      Damage    Failure   Level
 Blink                    Tloc           14%        N/A       56%         2
 Gell's Gravitas          Tloc           7%         N/A       80%         3
 Lesser Beckoning         Tloc           7%         N/A       80%         3
 Teleport Other           Tloc           7%         N/A       80%         3
 Manifold Assault         Tloc           7%         N/A       100%        5

Inventory:

Hand Weapons
 j - a +0 whip
 Y - a +0 antimagic hand axe (weapon)
Armour
 g - a +0 scale mail (worn)
Potions
 a - a potion of mutation {unknown}
 d - a potion of haste {unknown}
 f - a potion of heal wounds {unknown}
 h - a potion of curing {unknown}

Dungeon Overview and Level Annotations

Branches:
Dungeon (2/15)

Altars:


Message History

What level of the Dungeon? (default 1, ? - help) Press < or > to pray at altars.
There is an open door here.
There is a stone staircase leading down here.
You climb downwards.
There is a stone staircase leading up here.
a - a silvery potion A hobgoblin comes into view.
The hobgoblin shouts!
You closely miss the hobgoblin. The hobgoblin hits you.
You completely miss the hobgoblin. Your punch misses the hobgoblin.
The hobgoblin hits you.
You hit the hobgoblin. You claw the hobgoblin.
You kill the hobgoblin!
You start resting.
HP restored.
You now have 63 gold pieces (gained 9).
You now have 67 gold pieces (gained 4).
You open the door.
There is an open door here.
A worm comes into view.
You barely miss the worm. The worm bites you!
You barely miss the worm. Your kick misses the worm. You barely miss the worm.
You claw the worm.
The worm is lightly wounded.
The worm bites you.
You hit the worm.
The worm is moderately wounded.
The worm bites you.
You hit the worm.
The worm is moderately wounded.
You hit the worm.
The worm is severely wounded.
The worm barely misses you.
You hit the worm.
The worm is almost dead.
The worm bites you!
You die...

......>...............
###########.######.####
# #...#...# .# #
#...###!# .# # #...#
#.# # # #...###.# .###
# #...'...# ###...+
#####...########.w..#
......#........'@...+
#####.##########....#
#.# ######## ##.#####
... #......#..<.
#...##.#....
####...##......
#...........#.#
#.#####.......#


You could see a worm.

Vanquished Creatures
  A worm (D:2)
  3 endoplasms (D:1)
  A goblin (D:1)
  3 hobgoblins
  7 jackals (D:1)
  2 kobolds (D:1)
  2 quokkas (D:1)
  4 ball pythons (D:1)
  2 bats
  3 rats (D:1)
28 creatures vanquished.

Vanquished Creatures (others)
  A withered plant (D:1)
1 creature vanquished.

Grand Total: 29 creatures vanquished

Notes
Turn   | Place    | Note
-------+----------+-------------------------------------------
     0 | D:1      | qw the Tengu Warper began the quest for the Orb.
     0 | D:1      | Reached XP level 1. HP: 12/12 MP: 4/4
     0 | D:1      | 0 ||| qw: Version: 0.1-a-89-g26bdef1
     0 | D:1      | 0 ||| qw: Game counter: 2045
     0 | D:1      | 0 ||| qw: Always use a shield: true
     0 | D:1      | 0 ||| qw: God list: Okawaru
     0 | D:1      | 0 ||| qw: Allow faded altars: false
     0 | D:1      | 0 ||| qw: Do Orc after D:15 true
     0 | D:1      | 0 ||| qw: Do second Lair branch before Depths: true
     0 | D:1      | 0 ||| qw: Lair rune preference: random
     0 | D:1      | 0 ||| qw: Plans: Normal
     0 | D:1      | 0 ||| PLANNING D:1-11
    67 | D:1      | You fall into a shaft and drop 1 floor!
   124 | D:2      | Reached skill level 3 in Axes
   124 | D:2      | Reached XP level 2. HP: 17/17 MP: 6/6
   125 | D:2      | 125 ||| UPGRADING to +0 scale mail.
   135 | D:2      | 135 ||| DROPPING +0 leather armour.
   136 | D:2      | 136 ||| READING scroll labelled FAVOQU NUULU.
   263 | D:2      | 263 ||| DRINKING 2 murky emerald potions.
   264 | D:2      | 264 ||| DROPPING scroll of blinking.
   265 | D:2      | 265 ||| DROPPING potion of flight.
   407 | D:1      | 407 ||| SWAPPING to +0 antimagic hand axe.
   408 | D:1      | 408 ||| DROPPING +0 hand axe.
   413 | D:1      | 413 ||| DROPPING +0 club.
   578 | D:1      | 578 ||| Stepping ~*~*~tactically~*~*~ (stealth).
   792 | D:1      | Reached XP level 3. HP: 19/21 MP: 2/7
   826 | D:1      | Found a faded altar of an unknown god.
   928 | D:1      | 928 ||| Stepping ~*~*~tactically~*~*~ (stealth).
  1034 | D:1      | Reached skill level 4 in Axes
  1144 | D:1      | 1144 ||| DROPPING orb of mayhem.
  1145 | D:1      | 1145 ||| READING scroll labelled OBIROU KESO.
  1146 | D:1      | 1146 ||| READING scroll labelled VENOIH HAIGG.
  1327 | D:2      | HP: 2/21 [worm (6)]
  1330 | D:2      | Slain by a worm

Levels and vault maps discovered:
D:1:      roderic_chinese_lattice_arrival, layout_loops_ring,
          shapermc_ecumenical_altar_flowoftime
D:2:      layout_basic, minmay_puff, uniq_robin, uniq_terence

Skill      XL: |  1  2  3 |
---------------+----------+-----
Axes           | 3 4 |  4.1
Fighting       | |  2.0
Throwing       | |  1.0
Armour         | |  1.1
Dodging        | |  2.1
Spellcasting   | |  2.0
Translocations | |  2.4

Action                   || total
-------------------------++-------
Melee: Hand axe          ||    51
       Kick              ||    13
       Peck              ||     3
Throw: Boomerang         ||     7
       Javelin           ||    12
  Use: Scroll            ||     3
       Potion            ||     1
Armor: Leather armour    ||     1
       Scale mail        ||    15
Dodge: Dodged            ||    23

Table legend:
 A = Non-vault XP
 B = Vault XP
 C = Vault XP percentage of total XP
 D = Non-vault monster count
 E = Vault monster count
 F = Vault count percentage of total count
                 A         B        C        D         E       F
            +---------+---------+-------+---------+---------+-------
      Total |      51 |       0 |   0.0 |      28 |       0 |   0.0
            +---------+---------+-------+---------+---------+-------
        D:1 |      42 |       0 |   0.0 |      25 |       0 |   0.0
        D:2 |       9 |       0 |   0.0 |       3 |       0 |   0.0
            +---------+---------+-------+---------+---------+-------
